General information
- name: BNet
- type: Ladder team game (AT/RT)
- host: Battle.net
- saver: LastKingOKModan
map: FullScaleAssault
- players: 8
- length: 43:43
- speed: Fast
- version: 1.27 W3XP
- replay type: Public
» download(297 KB)
Players
team 1 (loser)
Cabrakan (
orange | 15 APM | 638 actions | 43:41)
4 Demon Hunter
2 Mana Burn
2 Evasion
2 Keeper of the Grove
1 Entangling Roots
1 Thorns Aura
» actions
| Assign group hotkey | 5 | |
| Basic commands | 8 | |
| Build / train | 60 | |
| Enter build submenu | 12 | |
| Enter hero's abilities submenu | 6 | |
| Right click | 196 | |
| Select / deselect | 278 | |
| Select group hotkey | 12 | |
| Use ability | 59 | |
638 total
» units
| Wisp | 12 | |
| Archer | 9 | |
| Druid of the Claw | 3 | |
| Dryad | 6 | |
| Crypt Fiend | 4 | |
34 total
» upgrades
| Strength of the Moon | 2 | |
| Moon Armor | 1 | |
| Ultravision | 1 | |
| Strength of the Wild | 2 | |
| Improved Bows | 1 | |
| Reinforced Hides | 1 | |
| Druid of the Claw Training | 2 | |
| Abolish Magic | 1 | |
| Marksmanship | 1 | |
| Creature Attack | 1 | |
13 total
» buildings
| Altar of Elders | 1 | |
| Moon Well | 6 | |
| Ancient of War | 1 | |
| Ancient of Wonders | 1 | |
| Hunter's Hall | 1 | |
| Tree of Ages | 1 | |
| Ancient of Lore | 2 | |
| Tree of Eternity | 1 | |
| Spirit Tower | 2 | |
16 total
» build order
00:21 Altar of Elders
00:31 Moon Well
00:40 Ancient of War
01:43 Moon Well
02:00 Ancient of Wonders
02:50 Hunter's Hall
04:07 Moon Well
04:22 Tree of Ages
05:07 Moon Well
07:44 Ancient of Lore
07:49 Ancient of Lore
08:17 Moon Well
10:05 Tree of Eternity
10:29 Moon Well
16:22 Spirit Tower
17:31 Spirit Tower
» items
WaIker_of_Wind (
red | 110 APM | 4786 actions | 43:41)
8 Archmage
2 Summon Water Elemental
3 Brilliance Aura
2 Blizzard
1 Mass Teleport
5 Mountain King
3 Storm Bolt
2 Bash
» actions
| Assign group hotkey | 123 | |
| Basic commands | 327 | |
| Build / train | 263 | |
| ESC pressed | 11 | |
| Enter build submenu | 93 | |
| Enter hero's abilities submenu | 13 | |
| Give item / drop item | 5 | |
| Right click | 1455 | |
| Select / deselect | 637 | |
| Select group hotkey | 1563 | |
| Use ability | 295 | |
4786 total
» units
| Peasant | 18 | |
| Footman | 6 | |
| Goblin Shredder | 5 | |
| Goblin Zeppelin | 8 | |
| Gryphon Rider | 4 | |
| Dragonhawk Rider | 8 | |
| Siege Engine | 2 | |
| Rifleman | 5 | |
| Mortar Team | 1 | |
57 total
» upgrades
| Masonry | 3 | |
| Lumber Harvesting | 1 | |
| Swords | 3 | |
| Armor | 3 | |
| Animal War Training | 1 | |
| Storm Hammers | 1 | |
| Cloud | 1 | |
| Gunpowder | 3 | |
| Plating | 3 | |
| Fragmentation Shards | 1 | |
| Barrage | 1 | |
| Long Rifles | 1 | |
| Flare | 1 | |
23 total
» buildings
| Altar of Kings | 1 | |
| Barracks | 1 | |
| Farm | 16 | |
| Arcane Vault | 2 | |
| Lumber Mill | 1 | |
| Town Hall | 3 | |
| Keep | 8 | |
| Blacksmith | 1 | |
| Scout Tower | 62 | |
| Guard Tower | 82 | |
| Arcane Tower | 4 | |
| Castle | 8 | |
| Gryphon Aviary | 7 | |
| Workshop | 3 | |
| Cannon Tower | 4 | |
203 total
» build order
01:06 Altar of Kings
01:09 Barracks
01:11 Farm
01:16 Farm
01:20 Farm
02:00 Farm
02:06 Arcane Vault
02:49 Lumber Mill
04:11 Town Hall
04:35 Farm
05:19 Keep
05:19 Keep
05:44 Blacksmith
06:47 Farm
06:55 Scout Tower
06:56 Scout Tower
06:56 Scout Tower
06:57 Scout Tower
06:59 Scout Tower
06:59 Scout Tower
07:00 Scout Tower
07:01 Scout Tower
07:03 Scout Tower
07:35 Guard Tower
07:35 Guard Tower
07:35 Guard Tower
07:38 Guard Tower
07:42 Arcane Tower
07:45 Guard Tower
07:59 Guard Tower
08:17 Castle
08:17 Castle
08:17 Castle
08:29 Guard Tower
08:46 Scout Tower
08:49 Scout Tower
08:52 Scout Tower
08:53 Scout Tower
09:37 Guard Tower
09:37 Guard Tower
09:37 Guard Tower
09:54 Gryphon Aviary
09:55 Gryphon Aviary
09:59 Gryphon Aviary
10:04 Guard Tower
10:04 Guard Tower
11:25 Town Hall
11:27 Scout Tower
11:28 Scout Tower
11:29 Scout Tower
11:30 Scout Tower
11:34 Guard Tower
11:35 Guard Tower
11:35 Guard Tower
11:55 Guard Tower
11:55 Guard Tower
11:56 Guard Tower
11:56 Guard Tower
11:56 Guard Tower
11:57 Guard Tower
11:57 Guard Tower
11:59 Guard Tower
12:48 Gryphon Aviary
12:49 Gryphon Aviary
12:54 Scout Tower
13:21 Farm
13:24 Farm
13:25 Guard Tower
13:26 Guard Tower
15:43 Scout Tower
15:45 Scout Tower
15:47 Scout Tower
15:48 Scout Tower
15:49 Scout Tower
16:26 Guard Tower
16:26 Guard Tower
16:51 Keep
16:52 Keep
16:52 Keep
17:19 Scout Tower
17:20 Scout Tower
17:22 Scout Tower
17:22 Scout Tower
17:23 Scout Tower
17:24 Scout Tower
17:25 Scout Tower
17:26 Scout Tower
17:28 Scout Tower
17:30 Scout Tower
17:38 Scout Tower
17:39 Scout Tower
17:41 Gryphon Aviary
17:42 Gryphon Aviary
18:02 Guard Tower
18:02 Guard Tower
18:29 Guard Tower
18:29 Guard Tower
18:29 Guard Tower
18:35 Guard Tower
18:35 Guard Tower
18:35 Guard Tower
18:35 Guard Tower
18:36 Guard Tower
18:36 Guard Tower
18:36 Guard Tower
18:47 Scout Tower
18:49 Scout Tower
18:54 Scout Tower
19:14 Scout Tower
19:14 Scout Tower
19:15 Scout Tower
19:16 Scout Tower
19:17 Scout Tower
19:17 Scout Tower
19:18 Scout Tower
19:19 Scout Tower
19:20 Scout Tower
19:22 Scout Tower
19:28 Guard Tower
19:28 Guard Tower
19:29 Guard Tower
19:29 Castle
19:30 Castle
19:30 Castle
19:53 Guard Tower
19:55 Guard Tower
19:56 Guard Tower
19:56 Guard Tower
19:57 Guard Tower
20:00 Farm
20:06 Farm
20:15 Guard Tower
20:15 Guard Tower
20:15 Guard Tower
20:16 Guard Tower
20:16 Guard Tower
20:17 Guard Tower
20:17 Guard Tower
20:17 Guard Tower
20:18 Guard Tower
20:39 Farm
20:41 Farm
20:46 Farm
20:57 Guard Tower
20:57 Guard Tower
20:57 Guard Tower
22:08 Arcane Vault
22:31 Scout Tower
22:32 Scout Tower
22:34 Scout Tower
22:35 Scout Tower
22:36 Scout Tower
22:37 Scout Tower
22:39 Scout Tower
22:40 Scout Tower
22:41 Scout Tower
22:45 Scout Tower
23:19 Workshop
23:21 Workshop
23:52 Guard Tower
23:53 Guard Tower
23:53 Guard Tower
25:57 Farm
25:58 Farm
26:01 Workshop
36:04 Town Hall
37:49 Scout Tower
37:50 Scout Tower
37:51 Scout Tower
37:52 Scout Tower
38:56 Guard Tower
38:57 Guard Tower
38:59 Cannon Tower
38:59 Cannon Tower
38:59 Cannon Tower
39:03 Arcane Tower
39:03 Arcane Tower
42:30 Farm
» items
| Scroll of Regeneration | 8 | |
| Mechanical Critter | 8 | |
| Tome of Retraining | 1 | |
| Ivory Tower | 5 | |
| Staff of Sanctuary | 1 | |
| Periapt of Vitality | 1 | |
| Potion of Lesser Invulnerability | 1 | |
| Staff of Teleportation | 2 | |
| Scroll of Town Portal | 3 | |
| Orb of Fire | 1 | |
31 total

»
ArK-NoVa (
pink | 37 APM | 560 actions | 15:12)
3 Death Knight
2 Death Coil
1 Unholy Aura
2 Lich
1 Frost Nova
1 Frost Armor
» actions
| Build / train | 38 | |
| Enter build submenu | 13 | |
| Enter hero's abilities submenu | 5 | |
| Right click | 230 | |
| Select / deselect | 249 | |
| Use ability | 25 | |
560 total
» units
| Acolyte | 3 | |
| Ghoul | 6 | |
| Crypt Fiend | 9 | |
18 total
» upgrades
| Creature Attack | 2 | |
| Creature Carapace | 2 | |
| Web | 1 | |
| Burrow | 1 | |
6 total
» buildings
| Altar of Darkness | 1 | |
| Crypt | 2 | |
| Ziggurat | 6 | |
| Graveyard | 1 | |
| Halls of the Dead | 1 | |
| Tomb of Relics | 1 | |
| Nerubian Tower | 2 | |
| Spirit Tower | 2 | |
| Sacrificial Pit | 1 | |
| Black Citadel | 1 | |
18 total
» build order
00:21 Altar of Darkness
00:27 Crypt
00:35 Ziggurat
01:09 Crypt
01:38 Graveyard
01:52 Ziggurat
03:36 Ziggurat
06:03 Halls of the Dead
06:27 Ziggurat
06:37 Ziggurat
06:43 Tomb of Relics
06:46 Nerubian Tower
07:41 Spirit Tower
08:40 Sacrificial Pit
09:41 Nerubian Tower
09:56 Spirit Tower
10:18 Ziggurat
10:55 Black Citadel
Downrising (
green | 40 APM | 1716 actions | 42:37)
3 Crypt Lord
2 Carrion Beetles
1 Impale
1 Dreadlord
1 Vampiric Aura
» actions
| Assign group hotkey | 12 | |
| Build / train | 65 | |
| Enter build submenu | 22 | |
| Enter hero's abilities submenu | 4 | |
| Right click | 823 | |
| Select / deselect | 674 | |
| Select group hotkey | 12 | |
| Use ability | 103 | |
1716 total
» units
| Acolyte | 7 | |
| Ghoul | 11 | |
| Gargoyle | 4 | |
| Goblin Zeppelin | 1 | |
| Necromancer | 11 | |
| Meatwagon | 3 | |
| Obsidian Statue | 2 | |
39 total
» upgrades
| Creature Attack | 1 | |
| Unholy Strength | 2 | |
| Necromancer Training | 2 | |
| Exhume Corpses | 1 | |
| Skeletal Longevity | 1 | |
| Unholy Armor | 2 | |
| Skeletal Mastery | 1 | |
10 total
» buildings
| Altar of Darkness | 1 | |
| Ziggurat | 6 | |
| Graveyard | 2 | |
| Crypt | 2 | |
| Tomb of Relics | 1 | |
| Halls of the Dead | 1 | |
| Spirit Tower | 5 | |
| Temple of the Damned | 2 | |
| Slaughterhouse | 1 | |
| Black Citadel | 1 | |
22 total
» build order
00:08 Altar of Darkness
00:11 Ziggurat
00:18 Graveyard
01:08 Crypt
01:24 Tomb of Relics
02:06 Ziggurat
04:33 Halls of the Dead
04:36 Crypt
05:49 Graveyard
06:39 Spirit Tower
06:56 Temple of the Damned
07:01 Slaughterhouse
07:57 Black Citadel
08:41 Spirit Tower
09:34 Ziggurat
09:35 Ziggurat
11:39 Ziggurat
12:28 Temple of the Damned
16:37 Ziggurat
16:40 Spirit Tower
16:41 Spirit Tower
16:42 Spirit Tower
» items
| Rod of Necromancy | 1 | |
| Staff of Teleportation | 1 | |
| Orb of Corruption | 1 | |
3 total
team 2 (winner)
Sr.Axealot3759 (
yellow | 50 APM | 1629 actions | 32:21)
7 Archmage
3 Summon Water Elemental
2 Brilliance Aura
1 Mass Teleport
1 Blizzard
5 Mountain King
2 Storm Bolt
2 Bash
1 Thunder Clap
» actions
| Assign group hotkey | 73 | |
| Basic commands | 1 | |
| Build / train | 87 | |
| Enter build submenu | 22 | |
| Enter hero's abilities submenu | 12 | |
| Remove unit from queue | 10 | |
| Right click | 369 | |
| Select / deselect | 351 | |
| Select group hotkey | 594 | |
| Use ability | 110 | |
1629 total
» units
| Peasant | 10 | |
| Footman | 6 | |
| Gryphon Rider | 14 | |
| Priest | 12 | |
| Blue Dragon | 1 | |
| Blue Drake | 1 | |
| Blue Dragon Whelp | 1 | |
45 total
» upgrades
| Lumber Harvesting | 2 | |
| Priest Training | 2 | |
| Storm Hammers | 2 | |
| Swords | 3 | |
| Animal War Training | 1 | |
| Armor | 2 | |
12 total
» buildings
| Altar of Kings | 1 | |
| Barracks | 1 | |
| Farm | 16 | |
| Keep | 1 | |
| Scout Tower | 1 | |
| Arcane Vault | 1 | |
| Arcane Tower | 1 | |
| Blacksmith | 1 | |
| Lumber Mill | 1 | |
| Gryphon Aviary | 2 | |
| Castle | 1 | |
| Arcane Sanctum | 2 | |
| Town Hall | 1 | |
30 total
» build order
00:14 Altar of Kings
00:20 Barracks
00:36 Farm
01:06 Farm
01:53 Farm
02:38 Keep
02:48 Scout Tower
03:12 Arcane Vault
03:36 Arcane Tower
03:40 Blacksmith
03:44 Lumber Mill
04:33 Farm
05:17 Gryphon Aviary
06:41 Castle
06:48 Farm
08:00 Gryphon Aviary
08:09 Arcane Sanctum
08:19 Town Hall
09:31 Arcane Sanctum
10:55 Farm
10:59 Farm
10:59 Farm
10:59 Farm
16:53 Farm
16:55 Farm
16:55 Farm
16:55 Farm
16:56 Farm
16:57 Farm
16:57 Farm
» items
| Scroll of Regeneration | 1 | |
| Scroll of Protection | 2 | |
3 total
LastKingOKModan (
blue | 52 APM | 2281 actions | 43:43)
7 Mountain King
3 Storm Bolt
3 Bash
1 Avatar
» actions
| Assign group hotkey | 46 | |
| Basic commands | 198 | |
| Build / train | 87 | |
| Enter build submenu | 76 | |
| Enter hero's abilities submenu | 7 | |
| Give item / drop item | 5 | |
| Remove unit from queue | 1 | |
| Right click | 731 | |
| Select / deselect | 409 | |
| Select group hotkey | 538 | |
| Use ability | 182 | |
2281 total
» units
| Peasant | 13 | |
| Footman | 5 | |
| Goblin Shredder | 3 | |
| Goblin Zeppelin | 2 | |
| Gryphon Rider | 4 | |
| Goblin Sapper | 9 | |
36 total
» upgrades
| Masonry | 3 | |
| Storm Hammers | 1 | |
| Cloud | 1 | |
| Animal War Training | 1 | |
| Swords | 3 | |
| Armor | 3 | |
| Gunpowder | 1 | |
| Plating | 1 | |
14 total
» buildings
| Altar of Kings | 1 | |
| Barracks | 1 | |
| Farm | 11 | |
| Scout Tower | 75 | |
| Arcane Vault | 3 | |
| Lumber Mill | 2 | |
| Arcane Tower | 1 | |
| Keep | 1 | |
| Town Hall | 4 | |
| Guard Tower | 15 | |
| Castle | 1 | |
| Gryphon Aviary | 4 | |
| Blacksmith | 2 | |
121 total
» build order
00:38 Altar of Kings
00:42 Barracks
00:51 Farm
00:52 Farm
01:06 Farm
01:35 Farm
02:06 Scout Tower
03:14 Arcane Vault
03:30 Lumber Mill
03:32 Arcane Tower
03:54 Keep
04:33 Town Hall
04:35 Scout Tower
04:35 Scout Tower
04:36 Scout Tower
04:37 Scout Tower
06:10 Guard Tower
07:23 Castle
07:57 Scout Tower
07:58 Scout Tower
07:59 Scout Tower
08:00 Scout Tower
08:01 Scout Tower
08:03 Scout Tower
08:51 Guard Tower
09:03 Gryphon Aviary
09:04 Gryphon Aviary
09:04 Gryphon Aviary
09:06 Gryphon Aviary
09:20 Blacksmith
09:28 Blacksmith
09:32 Farm
09:33 Farm
10:18 Scout Tower
10:18 Scout Tower
10:18 Scout Tower
10:19 Scout Tower
10:19 Scout Tower
10:56 Guard Tower
12:44 Town Hall
12:50 Scout Tower
12:50 Scout Tower
12:51 Scout Tower
12:51 Scout Tower
12:53 Scout Tower
12:53 Scout Tower
12:53 Scout Tower
12:54 Scout Tower
12:55 Scout Tower
12:55 Scout Tower
12:55 Scout Tower
12:57 Scout Tower
13:01 Arcane Vault
15:05 Guard Tower
19:43 Town Hall
19:49 Arcane Vault
19:53 Scout Tower
19:53 Scout Tower
19:54 Scout Tower
19:54 Scout Tower
19:56 Scout Tower
19:58 Scout Tower
19:59 Scout Tower
19:59 Scout Tower
19:59 Scout Tower
20:01 Scout Tower
20:01 Scout Tower
20:02 Scout Tower
20:03 Scout Tower
20:27 Guard Tower
21:17 Guard Tower
21:21 Guard Tower
21:23 Guard Tower
21:30 Lumber Mill
21:40 Scout Tower
21:41 Scout Tower
21:41 Scout Tower
21:42 Scout Tower
21:43 Scout Tower
21:44 Scout Tower
21:44 Scout Tower
21:45 Scout Tower
21:45 Scout Tower
21:45 Scout Tower
21:47 Scout Tower
21:47 Scout Tower
21:47 Scout Tower
21:48 Scout Tower
21:48 Scout Tower
21:50 Scout Tower
21:51 Scout Tower
21:51 Scout Tower
21:51 Scout Tower
21:52 Scout Tower
21:54 Scout Tower
21:54 Scout Tower
21:54 Scout Tower
21:55 Scout Tower
21:56 Scout Tower
22:02 Scout Tower
22:06 Scout Tower
22:08 Scout Tower
22:55 Guard Tower
22:58 Guard Tower
23:05 Farm
23:08 Farm
23:10 Farm
23:13 Farm
23:16 Farm
23:55 Guard Tower
23:59 Guard Tower
26:01 Guard Tower
26:03 Guard Tower
28:04 Scout Tower
28:05 Scout Tower
28:07 Scout Tower
28:08 Scout Tower
28:10 Scout Tower
28:11 Scout Tower
31:31 Guard Tower
32:30 Town Hall
» items
| Scroll of Regeneration | 2 | |
| Mechanical Critter | 2 | |
| Staff of Teleportation | 2 | |
| Periapt of Vitality | 2 | |
| Scroll of Town Portal | 1 | |
9 total
bloef (
teal | 193 APM | 6355 actions | 32:52)
6 Archmage
2 Summon Water Elemental
3 Brilliance Aura
1 Mass Teleport
5 Pandaren Brewmaster
3 Breath of Fire
2 Drunken Haze
» actions
| Assign group hotkey | 581 | |
| Basic commands | 74 | |
| Build / train | 98 | |
| Enter build submenu | 46 | |
| Enter hero's abilities submenu | 11 | |
| Give item / drop item | 4 | |
| Remove unit from queue | 3 | |
| Right click | 2346 | |
| Select / deselect | 688 | |
| Select group hotkey | 2244 | |
| Use ability | 260 | |
6355 total
» units
| Peasant | 18 | |
| Footman | 8 | |
| Spell Breaker | 1 | |
| Priest | 2 | |
| Sorceress | 4 | |
| Dragonhawk Rider | 9 | |
42 total
» upgrades
| Defend | 1 | |
| Lumber Harvesting | 1 | |
| Sorceress Training | 2 | |
| Priest Training | 1 | |
| Magic Sentry | 1 | |
| Cloud | 1 | |
| Masonry | 3 | |
| Swords | 2 | |
| Armor | 2 | |
| Flak Cannons | 1 | |
| Gunpowder | 1 | |
16 total
» buildings
| Farm | 13 | |
| Altar of Kings | 1 | |
| Barracks | 1 | |
| Scout Tower | 14 | |
| Arcane Tower | 2 | |
| Keep | 2 | |
| Arcane Vault | 1 | |
| Lumber Mill | 1 | |
| Arcane Sanctum | 2 | |
| Castle | 1 | |
| Gryphon Aviary | 2 | |
| Blacksmith | 1 | |
| Town Hall | 1 | |
| Workshop | 2 | |
| Guard Tower | 8 | |
52 total
» build order
00:10 Farm
00:12 Altar of Kings
00:21 Barracks
00:50 Farm
01:37 Farm
01:44 Scout Tower
02:44 Arcane Tower
02:44 Arcane Tower
03:25 Keep
03:25 Keep
03:40 Farm
03:56 Arcane Vault
04:42 Lumber Mill
05:52 Arcane Sanctum
05:54 Arcane Sanctum
06:29 Farm
06:45 Castle
07:42 Farm
08:08 Gryphon Aviary
09:08 Gryphon Aviary
10:07 Farm
11:02 Farm
12:57 Farm
12:59 Farm
15:50 Farm
15:52 Blacksmith
16:36 Town Hall
19:03 Workshop
19:05 Workshop
22:12 Farm
22:15 Farm
25:45 Scout Tower
25:48 Scout Tower
26:14 Guard Tower
26:15 Guard Tower
26:17 Guard Tower
26:27 Scout Tower
26:28 Scout Tower
27:03 Guard Tower
27:48 Scout Tower
27:53 Scout Tower
28:40 Scout Tower
28:48 Scout Tower
30:39 Guard Tower
30:41 Scout Tower
30:44 Scout Tower
30:45 Scout Tower
31:44 Guard Tower
31:45 Scout Tower
31:47 Scout Tower
» items
| Circlet of Nobility | 1 | |
| Boots of Speed | 1 | |
| Staff of Teleportation | 1 | |
| Potion of Lesser Invulnerability | 1 | |
4 total
Weed420 (
purple | 33 APM | 1304 actions | 40:02)
5 Priestess of the Moon
3 Trueshot Aura
2 Searing Arrows
» actions
| Assign group hotkey | 23 | |
| Basic commands | 84 | |
| Build / train | 78 | |
| Enter build submenu | 30 | |
| Enter hero's abilities submenu | 5 | |
| Give item / drop item | 1 | |
| Remove unit from queue | 4 | |
| Right click | 602 | |
| Select / deselect | 353 | |
| Select group hotkey | 78 | |
| Use ability | 46 | |
1304 total
» units
» upgrades
| Abolish Magic | 1 | |
| Strength of the Wild | 3 | |
| Reinforced Hides | 3 | |
| Ultravision | 1 | |
| Well Spring | 1 | |
9 total
» buildings
| Tree of Ages | 1 | |
| Moon Well | 9 | |
| Altar of Elders | 1 | |
| Hunter's Hall | 1 | |
| Ancient of Lore | 3 | |
| Tree of Eternity | 1 | |
| Tree of Life | 4 | |
| Ancient of Wind | 1 | |
| Chimaera Roost | 3 | |
24 total
» build order
00:49 Tree of Ages
01:01 Moon Well
01:31 Altar of Elders
01:56 Hunter's Hall
03:22 Ancient of Lore
03:39 Ancient of Lore
04:31 Moon Well
04:59 Moon Well
06:36 Moon Well
08:05 Moon Well
09:20 Tree of Eternity
10:35 Tree of Life
14:30 Ancient of Lore
14:34 Moon Well
15:12 Moon Well
15:54 Moon Well
18:56 Moon Well
19:09 Tree of Life
25:35 Tree of Life
27:04 Ancient of Wind
28:07 Chimaera Roost
28:11 Chimaera Roost
28:18 Chimaera Roost
29:11 Tree of Life
Chat log
(04:10 / Allies) Sr.Axealot3759: foot to gryf here
(11:17 / Allies) bloef: with what
(11:19 / Allies) bloef: willpower
(11:22 / Allies) Sr.Axealot3759: YEAH....
(14:52 / All) LastKingOKModan: FOR KHAZ MODAN
(19:03 / All) LastKingOKModan: Buri was too beastly this game
(19:12 / All) LastKingOKModan: He's the last king of Khaz Modan and is fighting for pride
(28:53 / Allies) Sr.Axealot3759: ?
(31:29 / Allies) Sr.Axealot3759: why are you team killing?
(31:45 / Allies) Weed420: he keeps killing me
(31:49 / Allies) Weed420: so fuck him
(33:07 / All) LastKingOKModan: he gave up easy
(35:05 / All) LastKingOKModan: Too bad your team rolled over after my beastmode MK wrecked havoc in your frontlines
(35:15 / All) WaIker_of_Wind: My team sucked
(35:20 / All) LastKingOKModan: Pink lost his DK twice to my mighty hammer and lost all heart to continue the conflict
(35:22 / All) WaIker_of_Wind: total noobs, roll over and play dead
(36:01 / All) LastKingOKModan: Buri Frostbeard is perhaps the finest Mountain King to ever wield a hammer
(36:52 / All) WaIker_of_Wind: too bad he doesn't have perfect items
(36:55 / All) WaIker_of_Wind: like pendant of energy
(36:58 / All) LastKingOKModan: He did
(37:05 / All) LastKingOKModan: I sold it when the enemy fled the field
(37:18 / All) WaIker_of_Wind: lawl
(37:23 / All) WaIker_of_Wind: I selected him after you said perfect mk
(37:30 / All) WaIker_of_Wind: and was thinking this piece of shit just has two periapts lol
(37:37 / All) WaIker_of_Wind: was best mk earlier
(38:07 / All) LastKingOKModan: No matter the items he carries, Buri's true strength lies within his heart and his indomitable will
(38:33 / All) LastKingOKModan: Buri is the Tom Brady of Mountain Kings
(39:40 / Allies) Weed420: hahahaha you are going to lose the game blue you faggot
(39:47 / All) LastKingOKModan: Maybe
(39:54 / Allies) Weed420: you are a shit bsing player
(39:56 / All) LastKingOKModan: That's up to you
(39:56 / Allies) Weed420: hahaha
(39:58 / Allies) Weed420: moron
(40:05 / All) LastKingOKModan: Hmm
(40:08 / All) WaIker_of_Wind: ouch
(40:10 / All) LastKingOKModan: Guess there won't be no standoff
(40:46 / All) LastKingOKModan: he had a base I ddin't notice
(40:56 / All) WaIker_of_Wind: I didn't notice either through the fog
(41:06 / All) LastKingOKModan: Blends in well wtih blight
(41:08 / All) LastKingOKModan: being purple
(41:27 / All) LastKingOKModan: This works out for the best I suppose, your team truly did not deserve a
(41:29 / All) LastKingOKModan: chance at victory
(41:35 / All) LastKingOKModan: after that pathetic performance
(41:42 / All) WaIker_of_Wind: they were so excited seeing you tk
(43:27 / All) WaIker_of_Wind: anything to say for yourself orange?
(43:38 / All) WaIker_of_Wind: guess not